 Dungeon Crawl Stone Soup version 0.29.1-13-g9f3cf754e1 (webtiles) character file.

Game seed: 4470809666703909116

58 booth the Chopper (level 3, 0/27 HPs)
             Began as a Demonspawn Gladiator on Jan 19, 2023.
             Slain by an adder (2 damage)
             ... on level 2 of the Dungeon.
             The game lasted 00:12:35 (2068 turns).

booth the Chopper (Demonspawn Gladiator)            Turns: 2068, Time: 00:12:35

Health: 0/27       AC:  3    Str: 21    XL:     3   Next: 76%
Magic:  3/3        EV: 12    Int:  9    God:
Gold:   45         SH:  0    Dex: 10    Spells: 2/2 levels left

rFire   + . .      SeeInvis +   a - +0 war axe
rCold   + . .      Faith    .   (no shield)
rNeg    . . .      Spirit   .   b - +0 leather armour
rPois   +          Reflect  .   (helmet restricted)
rElec   +          Harm     .   (no cloak)
rCorr   +          Rampage  .   (no gloves)
Will    .....                   (no boots)
Stlth   +.........              (no amulet)
HPRegen 0.09/turn               s - ring of Wishful Thinking {*Slow rCorr Str+5 Dex-4 SInv}
MPRegen 0.08/turn               (no ring)

@: resistant, weak-willed
A: antennae 2
a: no special abilities


You were on level 2 of the Dungeon.
You visited 1 branch of the dungeon, and saw 3 of its levels.

You collected 45 gold pieces.

Inventory:

Hand Weapons
 a - a +0 war axe (weapon)
 o - a +0 mace
Missiles
 d - 3 throwing nets (quivered)
 e - a javelin
 l - 5 poisoned darts
Armour
 b - a +0 leather armour (worn)
 c - a +0 helmet
Jewellery
 s - the ring of Wishful Thinking (left hand) {*Slow rCorr Str+5 Dex-4 SInv}
   (You found it on level 2 of the Dungeon)

   [ring of see invisible]

   Str:       It affects your strength (+5).
   Dex:       It affects your dexterity (-4).
   SInv:      It lets you see invisible.
   rCorr:     It protects you from acid and corrosion.
   *Slow:     It may slow you when you take damage.
 u - a ring of wizardry
Scrolls
 f - a scroll of immolation
 h - 2 scrolls of teleportation
 k - 2 scrolls of butterflies
 r - a scroll of vulnerability
Potions
 g - 3 potions of degeneration {unknown}
 i - 2 potions of might
 m - a potion of ambrosia {unknown}
 n - a potion of resistance
 p - a potion of haste {unknown}
 t - a potion of heal wounds {unknown}
 v - a potion of flight {unknown}


   Skills:
 + Level 2.1 Fighting
 * Level 3.7 Axes
 + Level 1.9 Throwing
 + Level 0.8 Armour
 + Level 3.0 Dodging
 + Level 0.1 Stealth


You had 2 spell levels left.
You didn't know any spells.
Your spell library was empty.

Dungeon Overview and Level Annotations

Branches:
Dungeon (3/15)

Altars:

Annotations:
D:3 Grinder


Innate Abilities, Weirdness & Mutations

You have a pair of antennae on your head.


Message History

It was a scroll of poison.
You start resting.
Your surroundings suddenly seem different.
An adder and a bat come into view.
Found a bubbling emerald potion.
Found a yellow potion.
The bat misses you.
You slash the bat!
You kill the bat!
The adder bites you.
You barely miss the adder. The adder barely misses you. The adder bites you.
You are poisoned.
The adder poisons you!
You barely miss the adder.
You feel sick. The adder barely misses you.
You barely miss the adder.
You feel sick. The adder bites you but does no damage. The adder bites you.
You are more poisoned.
The adder poisons you!
You closely miss the adder.
You feel sick. The adder bites you.
* * * LOW HITPOINT WARNING * * *
The adder misses you.
You barely miss the adder.
You feel sick. The adder closely misses you. The adder barely misses you.
It was a potion of resistance.
You feel protected.
You feel sick. The adder misses you.
You barely miss the adder.
You feel sick. The adder bites you but does no damage.
The adder barely misses you.
You closely miss the adder.
You feel sick.
You are no longer poisoned.
The adder completely misses you.
You closely miss the adder. The adder barely misses you.
The adder bites you but does no damage. The adder bites you.
* * * LOW HITPOINT WARNING * * *
You are too injured to fight recklessly!
The adder bites you.
* * * LOW HITPOINT WARNING * * *
The adder completely misses you.
You miss the adder. Your punch misses the adder. The adder bites you.
You die...

..,,,*,,,,,*'** **,,***,*
#.#### ..,****,,*,,,,*
**..#*,* #.....
..,*,,,,**,,,,* *..,,,*
######
.,*,,**,*,,,,,######.#****
#..... ,,***,***,,,,,,......#
#.##.. #**,,,,,**,,,,,,.....#
#.##.# #*,,~~~,,**,,,,,,....*
#.##.# #,,,~~,,,,*,,,*###.#**
#.##.# **,,,,,,,**,,,##@S.#
#.##.# *****_*****,,,#..###
######.##..
.,******,,,,*#..##
#....#.#### #,**,**,,,,,#.!#*
#####....#.....
#,**,**,,,,...#*
#........'.....
.,**,***,.!###*
#.###....######
,,**,*,,,#*********,#..<..##*
*
*,,,,,,,,{,,,,,,,**,#..†#...#
#
*,,,>,**********,**,#.......#
#


You could see an adder.

Vanquished Creatures
  An adder (D:2)
  A worm (D:2)
  A dart slug (D:2)
  7 endoplasms
  2 giant cockroaches
  A goblin (D:2)
  6 hobgoblins (D:2)
  2 kobolds
  4 quokkas (D:2)
  4 ball pythons (D:1)
  4 bats
  4 frilled lizards
  4 rats
41 creatures vanquished.

Vanquished Creatures (others)
  3 fungi (D:2)
  14 plants
17 creatures vanquished.

Grand Total: 58 creatures vanquished

Notes
Turn   | Place    | Note
-------+----------+-------------------------------------------
     0 | D:1      | booth the Demonspawn Gladiator began the quest for the Orb.
     0 | D:1      | Reached XP level 1. HP: 16/16 MP: 1/1
   367 | D:1      | Gained mutation: You have a pair of small antennae on your
                  | head. [demonic ancestry]
   367 | D:1      | Reached XP level 2. HP: 22/22 MP: 2/2
  1176 | D:2      | Gained mutation: You have a pair of antennae on your head.
                  | [demonic ancestry]
  1176 | D:2      | Reached XP level 3. HP: 21/27 MP: 3/3
  1516 | D:2      | You fall into a shaft and drop 1 floor!
  1627 | D:3      | Noticed Grinder
  1860 | D:2      | Identified the ring of Wishful Thinking {*Slow rCorr Str+5
                  | Dex-4 SInv}
  2068 | D:2      | Slain by an adder

Illustrated notes

Levels and vault maps discovered:
D:1:      dpeg_arrival_snail, layout_loops_ring, serial_bayou_lagoon_a,
          nicolae_concentric_dashed_squares_mild
D:2:      minmay_alternating_diamond, layout_basic,
          dreamdust_ecumenical_altar_hidden_monk_grotto, uniq_jessica
D:3:      layout_basic, uniq_grinder

Skill      XL: |  1  2 |
---------------+-------+-----
Dodging        | 3 |  3.0
Axes           | 3 |  3.7
Fighting       | |  2.1
Throwing       | |  1.9
Armour         | |  0.8
Stealth        | |  0.1

Action                   || total
-------------------------++-------
Melee: War axe           ||   108
  Use: Scroll            ||     6
       Potion            ||     1
 Stab: Sleeping          ||     3
Armor: Leather armour    ||    16
Dodge: Dodged            ||    78
